 Dungeon Crawl Stone Soup version 0.31-a0-1202-ga8fea8b373 (webtiles) character file.

Game seed: 2009898956359942316

5604 kae the Covert (level 10, -2/111 HPs)
             Began as a Demonspawn Enchanter on Dec 12, 2023.
             Slain by a vampire (9 damage)
             ... on level 9 of the Dungeon.
             The game lasted 00:06:43 (8767 turns).

kae the Covert (Demonspawn Enchanter)               Turns: 8767, Time: 00:06:43

Health: -2/111     AC:  5    Str:  8    XL:     10   Next: 45%
Magic:  13/18      EV: 17    Int: 16    God:
Gold:   603        SH:  0    Dex: 18    Spells: 7/20 levels left

rFire   . . .        l - +4 dagger (venom)
rCold   . . .        (no shield)
rNeg    . . .        b - +0 robe
rPois   .            (no helmet)
rElec   .            (no cloak)
rCorr   .            e - +2 pair of gloves
SInv    .            (no boots)
Will    .....        (no amulet) Stlth
                     Z - ring of wizardry
HPRegen 0.38/turn    E - +5 ring of evasion
MPRegen 0.16/turn

%: wizardry (x1)
@: berserking, lethally poisoned (-2 -> -5), confusing by touch, very quick
A: claws 2, spiny 2, demonic magic 2
a: no special abilities


You were on level 9 of the Dungeon.
You visited 1 branch of the dungeon, and saw 9 of its levels.

You collected 603 gold pieces.


Innate Abilities, Weirdness & Mutations

You have very sharp fingernails.
You are mostly covered in sharp spines.
Spells you cast may paralyse nearby enemies.


   Skills:
 + Level 5.5 Fighting
 * Level 7.2 Short Blades
 + Level 2.2 Dodging
 * Level 8.4 Stealth
 + Level 5.5 Spellcasting
 + Level 6.2 Hexes
 + Level 4.4 Ice Magic


You had 7 spell levels left.
You knew the following spells:

 Your Spells              Type           Power      Damage    Failure   Level
a - Ensorcelled Hibernat  Hex/Ice        42%        N/A       1%          2
b - Confusing Touch       Hex            24%        N/A       1%          3
c - Tukima's Dance        Hex            24%        N/A       1%          3
d - Dazzling Flash        Conj/Hex       28%        N/A       4%          3
e - Jinxbite              Hex            48%        N/A       1%          2

Your spell library contained the following spells:

 Spells                   Type           Power      Damage    Failure   Level
 Necrotise                Necr           16%        1d4       6%          1
 Lesser Beckoning         Tloc           8%         N/A       9%          2
 Scorch                   Fire           8%         2d5       9%          2
 Anguish                  Hex/Necr       7%         N/A       16%         4
 Gell's Gravitas          Tloc           4%         N/A       17%         3
 Teleport Other           Tloc           4%         N/A       17%         3
 Vampiric Draining        Necr           4%         2d6       17%         3
 Flame Wave               Conj/Fire      4%         2d5       47%         4
 Agony                    Necr           4%         N/A       82%         5
 Summon Cactus Giant      Summ           2%         N/A       100%        6
 Haunt                    Necr/Summ      2%         N/A       100%        7
 Borgnjor's Revivificati  Necr           2%         N/A       100%        8
 Death's Door             Necr           2%         N/A       100%        9

Inventory:

Hand Weapons
 a - a +1 dagger
 l - a +4 dagger of venom (weapon)
   (You found it on level 2 of the Dungeon)
Missiles
 i - 86 stones
 m - 6 poisoned darts
 p - 10 curare-tipped darts {=f}
 q - 3 boomerangs
Armour
 b - a +0 robe (worn)
 e - a +2 pair of gloves (worn)
   (You found it on level 1 of the Dungeon)
Magical Staves
 d - a staff of cold {!a}
   (You found it on level 1 of the Dungeon)
 u - a staff of death {!a}
   (You found it on level 6 of the Dungeon)
 B - a staff of air {!a}
   (You found it on level 9 of the Dungeon)
Jewellery
 E - a +5 ring of evasion (right hand)
   (You found it on level 1 of the Dungeon)
 F - a ring of fire
   (You found it on level 2 of the Dungeon)
 Z - a ring of wizardry (left hand)
   (You found it on level 1 of the Dungeon)
Wands
 o - a wand of flame (12)
   (You found it on level 6 of the Dungeon)
 s - a wand of paralysis (23)
   (You found it on level 4 of the Dungeon)
 w - a wand of roots (15)
   (You took it off Maurice on level 7 of the Dungeon)
 x - a wand of light (10)
   (You found it on level 8 of the Dungeon)
 y - a wand of mindburst (4)
   (You took it off Pikel on level 7 of the Dungeon)
 D - a wand of polymorph (8)
   (You found it on level 9 of the Dungeon)
Scrolls
 g - 2 scrolls of poison {!r}
 r - 5 scrolls of teleportation {@r4}
 A - a scroll of enchant armour
 C - a scroll of immolation {unknown}
Potions
 c - a potion of invisibility
 f - 2 potions of haste {unknown}
 h - 3 potions of ambrosia {unknown}
 j - 3 potions of attraction {!q}
 k - a potion of lignification {!q}
 n - 3 potions of cancellation {unknown}
 t - a potion of heal wounds {unknown}
 v - a potion of degeneration {!q}

Dungeon Overview and Level Annotations

Branches:
Dungeon (9/15) Zot: 26450
 Temple: D:4-7         Lair: D:8-11         Orc: D:9-12

Altars:
Wu Jian

Shops:
D:6 [

Annotations:
D:3 1 runed translucent door, Vorhees's ghost, amateur OgGl
D:5 2 transporters, Graknight's ghost, novice TrEE
D:6 2 transporters
D:7 1 runed translucent door, hackum's ghost, novice OpGl

##...####..#
## ##...##
..####...##
.........#
.....>...#
?.......##
........#
......))#
......)@#
.......{#
.........
..........
...........
............
.............
.<............


There were no monsters in sight!


Message History

Press: ? - help, Shift-Dir - straight line, f - orc warrior
Aim: an orc warrior, wielding a +0 glaive and wearing a +0 plate armour (lightly wounded, very poisoned, chance to affect: 53%)
The orc warrior looks drowsy...
Malevolent energies surge around you.
The orc suddenly stops moving!
The orc shouts!
The orc wizard gestures wildly while chanting.
The orc wizard flickers and vanishes!
Deactivating autopickup; reactivate with Ctrl-A. 😮 MP[-2]
You lost 2 mp, and now have 16/18 mp.
The helpless orc warrior fails to defend itself.
You spit the orc warrior like a pig!!!
You kill the orc warrior!
The helpless orc fails to defend itself.
You spit the orc like a pig!!!
You kill the orc!
You hit the orc wizard but do no damage.
The orc wizard is poisoned.
A puff of flame appears from out of thin air!
The puff of flame misses you.
The orc wizard points at you and mumbles some strange words.
You easily resist.
Casting: Ensorcelled Hibernation (safe; 1% risk of failure)
Confirm with . or Enter, or press ? or * to list all spells.
Aiming: Ensorcelled Hibernation (safe; 1% risk of failure)
Press: ? - help, Shift-Dir - straight line, f - orc wizard
Aim: an orc wizard, wielding a +0 dagger and wearing a +0 robe (very poisoned, chance to affect: 53%)
The orc wizard resists with significant effort.
Malevolent energies surge around you.
The orc wizard suddenly stops moving! 😮 HP[+1] MP[-2]
You lost 2 mp, and now have 14/18 mp.
The helpless orc wizard fails to defend itself.
You spit the orc wizard like a pig!!!!
You kill the orc wizard!
The orc hits you with a +0 falchion.
A vampire comes into view.
You hear some strange, mumbled words.
A magic dart appears from out of thin air!
The magic dart hits you.
Things that are here:
a +0 glaive; a +0 plate armour; an orc corpse 😮 HP[-6]
You take 6 damage, and now have 45/74 hp.
You hit the orc.
You hear some strange, mumbled words.
A magic dart appears from out of thin air!
The magic dart hits you!
The orc hits you but does no damage. 😮 HP[-7] MP[+1]
You take 7 damage, and now have 38/74 hp.
You barely miss the orc. You punch the orc. Something hits you.
* * * LOW HITPOINT WARNING * * *
You are poisoned.
The orc closely misses you. 😨 HP[-2]
You take 2 damage, and now have 36/74 hp.
You puncture the orc!
You kill the orc!
You feel sick. 😨 HP[-2]
You take 2 damage, and now have 34/74 hp.
Unknown command.
You hit something.
You feel sick. Something hits you.
* * * LOW HITPOINT WARNING * * *
😨 HP[-4]
You take 4 damage, and now have 30/74 hp.
You miss something.
You feel sick. Something hits you.
* * * LOW HITPOINT WARNING * * *
You are more poisoned. 😨 HP[-2]
You take 2 damage, and now have 28/74 hp.
You hit something.
Reactivating autopickup.
You feel a bit more experienced.
You feel sick.
Unknown command.
Found a stone staircase leading up.
You feel very sick.
The vampire casts a spell.
The vampire flickers and vanishes!
Deactivating autopickup; reactivate with Ctrl-A.
Things that are here:
a +0 falchion; an orc corpse; 😨 HP[-3]
You take 3 damage, and now have 25/74 hp.
Casting: Ensorcelled Hibernation (safe; 1% risk of failure)
Confirm with . or Enter, or press ? or * to list all spells.
Your hands begin to glow red.
Malevolent energies surge around you.
You feel sick.
You feel sick. Something hits you!
* * * LOW HITPOINT WARNING * * *
Something bites you!
* * * LOW HITPOINT WARNING * * *
Something draws strength from your injuries! 😱 HP[-19] MP[-2]
You take 19 damage, and now have 6/74 hp.
MASSIVE DAMAGE!! (PAUSE)
You lost 2 mp, and now have 13/18 mp.
It was a potion of berserk rage.
A red film seems to cover your vision as you go berserk!
You feel yourself moving faster!
You feel mighty!
You feel sick. Something hits you!
You die...

Skill      XL: |  1  2  3  4  5  6  7  8  9 10 |
---------------+-------------------------------+-----
Short Blades   | 1 2 3 4 5 6 7 |  7.2
Stealth        | 3 4 5 6 7 8 |  8.4
Fighting       | 1 2 3 4 5 |  5.5
Spellcasting   | 3 4 5 |  5.5
Ice Magic      | 1 2 3 4 |  4.4
Hexes          | 4 5 6 |  6.2
Dodging        | 2 |  2.2

Action                     |  1- 3 |  4- 6 |  7- 9 | 10-12 || total
---------------------------+-------+-------+-------+-------++-------
  Melee: Dagger            |   114 |    83 |   203 |    48 ||   448
         Punch             |       |     1 |     7 |     1 ||     9
   Cast: Ensorcelled Hiber |     8 |    13 |    23 |     9 ||    53
         Confusing Touch   |       |       |     7 |     1 ||     8
         Dazzling Flash    |       |       |     1 |       ||     1
    Use: Scroll            |     1 |     6 |     8 |       ||    15
         Potion            |       |       |       |     2 ||     2
   Stab: Sleeping          |     6 |    13 |    25 |     4 ||    48
         Paralysed         |     1 |     2 |    15 |     6 ||    24
         Confused          |       |       |     4 |       ||     4
         Distracted        |       |       |     1 |       ||     1
 Armour: Robe              |    55 |    34 |    60 |    32 ||   181
  Dodge: Dodged            |    70 |    49 |    96 |    24 ||   239

Levels and vault maps discovered:
D:1:      kb_arrival_jail, layout_basic
D:2:      layout_loops_corners, minmay_tetromino_l4
D:3:      layout_loops_ring, gammafunk_ghost_grave,
          chequers_serial_rivers_micro_c, kennysheep_orc_chapel
D:4:      layout_loops_ring, minmay_temple_entry_from_below_a
D:5:      layout_rooms, gammafunk_ghost_gnarly_gnolls,
          kennysheep_generic_room_11
D:6:      layout_gridville, serial_shops, nicolae_shop_drivethru, uniq_menkaure,
          uniq_eustachio, uniq_maggie
D:7:      layout_gridville, hellmonk_ghost_happy_afterlife,
          hangedman_abyss_or_decor_jellyfish_corner, uniq_duvessa, uniq_pikel,
          uniq_maurice
D:8:      layout_loops_corners, zin_treasury, nicolae_wu_jian_glorious_leap,
          st_stairs_6
D:9:      layout_layer_cave, uniq_psyche, uniq_erica, uniq_erolcha

Notes
Turn   | Place    | Note
-------+----------+-------------------------------------------
     0 | D:1      | kae the Demonspawn Enchanter began the quest for the Orb.
     0 | D:1      | Reached XP level 1. HP: 13/13 MP: 3/3
     0 | D:1      | magus.rc [v1.11.3]
     2 | D:1      | Noticed an ogre
     4 | D:1      | Noticed a vine stalker
     4 | D:1      | Noticed a demigod
     6 | D:1      | Noticed a demonspawn
     6 | D:1      | Noticed a gargoyle
     8 | D:1      | Noticed a formicid
     8 | D:1      | Noticed a minotaur
    10 | D:1      | Noticed a merfolk
    10 | D:1      | Noticed an elf
    12 | D:1      | Noticed a draconian
    12 | D:1      | Noticed a naga
    14 | D:1      | Noticed an armataur
    14 | D:1      | Noticed a human
    16 | D:1      | Noticed a spriggan
    16 | D:1      | Noticed a troll
    18 | D:1      | Noticed a tengu
    20 | D:1      | Noticed a meteoran
    20 | D:1      | Noticed a ghoul
    22 | D:1      | Noticed an octopode
    22 | D:1      | Noticed a vampire
    24 | D:1      | Noticed a felid
    24 | D:1      | Noticed a gargoyle
    26 | D:1      | Noticed an armataur
    26 | D:1      | Noticed an armataur
    43 | D:1      | Reached skill level 1 in Short Blades
   136 | D:1      | Gained mutation: You have sharp fingernails. [demonic
                  | ancestry]
   136 | D:1      | Reached XP level 2. HP: 16/20 MP: 5/5
   139 | D:1      | Learned a level 2 spell: Ensorcelled Hibernation
   339 | D:1      | Reached skill level 3 in Stealth
   435 | D:1      | Reached skill level 1 in Fighting
   703 | D:1      | Gained mutation: Spells you cast may paralyse adjacent
                  | enemies. [demonic ancestry]
   703 | D:1      | Reached XP level 3. HP: 23/26 MP: 3/6
   707 | D:1      | Learned a level 3 spell: Confusing Touch
  1199 | D:2      | Gained mutation: You are partially covered in sharp spines.
                  | [demonic ancestry]
  1199 | D:2      | Reached XP level 4. HP: 32/32 MP: 0/7
  1466 | D:2      | You pick up a book of Displacement and begin reading...
  1466 | D:2      | You add the spells Lesser Beckoning, Gell's Gravitas and
                  | Teleport Other to your library.
  1476 | D:2      | Reached skill level 2 in Short Blades
  1975 | D:3      | Learned a level 3 spell: Tukima's Dance
  2269 | D:3      | Found a runed translucent door.
  2270 | D:3      | Noticed Vorhees's ghost (amateur OgGl)
  2325 | D:3      | Reached XP level 5. HP: 38/38 MP: 8/8
  2489 | D:3      | Identified the +10 whip "Reikuiv" {venom, rF+ rN++ rCorr
                  | Dex-3}
  2622 | D:3      | Reached skill level 4 in Stealth
  2687 | D:3      | Reached skill level 2 in Fighting
  2695 | D:3      | Reached XP level 6. HP: 21/44 MP: 3/10
  2847 | D:3      | Reached skill level 3 in Spellcasting
  2847 | D:3      | Reached skill level 1 in Ice Magic
  3070 | D:4      | Learned a level 3 spell: Dazzling Flash
  3091 | D:4      | Reached skill level 3 in Short Blades
  3386 | D:4      | Gained mutation: Spells you cast may paralyse nearby
                  | enemies. [demonic ancestry]
  3386 | D:4      | Reached XP level 7. HP: 51/51 MP: 11/11
  3828 | D:4      | You pick up a book of Dreams and begin reading...
  3828 | D:4      | You add the spells Jinxbite and Anguish to your library.
  3965 | D:5      | Entered Level 5 of the Dungeon
  3979 | D:5      | Reached skill level 4 in Hexes
  4053 | D:5      | Found a transporter.
  4058 | D:5      | Found a transporter.
  4147 | D:5      | Reached skill level 5 in Stealth
  4447 | D:5      | Noticed Graknight's ghost (novice TrEE)
  4488 | D:5      | Identified the +9 trident of Irrepressible Laughter {venom,
                  | rElec rC+ rCorr Int-3}
  4488 | D:5      | Identified the +10 scale mail "Kimapn" {rF+ Str+4}
  4488 | D:5      | Identified the +4 kite shield of Ysiam {Str+3}
  4634 | D:6      | Reached skill level 3 in Fighting
  4634 | D:6      | Reached skill level 2 in Ice Magic
  4727 | D:6      | Reached skill level 4 in Short Blades
  4753 | D:6      | Noticed Eustachio
  4774 | D:6      | Found a transporter.
  4776 | D:6      | Noticed Maggie
  4922 | D:6      | Killed Maggie
  4923 | D:6      | Gained mutation: You have very sharp fingernails. [demonic
                  | ancestry]
  4923 | D:6      | Reached XP level 8. HP: 46/58 MP: 8/13
  5119 | D:6      | Found Tujitton's Antique Armour Boutique.
  5121 | D:6      | Found a transporter.
  5267 | D:6      | Killed Eustachio
  5268 | D:6      | Reached skill level 6 in Stealth
  5268 | D:6      | Reached skill level 4 in Spellcasting
  5347 | D:6      | You pick up a book of Necromancy and begin reading...
  5347 | D:6      | You add the spells Necrotise, Vampiric Draining and Agony
                  | to your library.
  5383 | D:6      | Reached skill level 5 in Short Blades
  5393 | D:6      | You pick up a book of Scorching and begin reading...
  5393 | D:6      | You add the spells Scorch, Flame Wave and Summon Cactus
                  | Giant to your library.
  5503 | D:6      | Noticed Menkaure
  5507 | D:6      | Reached skill level 3 in Ice Magic
  5509 | D:6      | Killed Menkaure
  5510 | D:6      | Reached skill level 4 in Fighting
  5510 | D:6      | Reached skill level 5 in Hexes
  5779 | D:7      | Learned a level 2 spell: Jinxbite
  5799 | D:7      | Gained mutation: You are mostly covered in sharp spines.
                  | [demonic ancestry]
  5799 | D:7      | Reached XP level 9. HP: 47/65 MP: 12/15
  5938 | D:7      | Noticed Maurice
  5946 | D:7      | Something stole a staff of death {!a}
  5948 | D:7      | Killed Maurice
  6335 | D:7      | Reached skill level 7 in Stealth
  6347 | D:7      | HP: 14/60 [wight/+1 flail of freezing (4)]
  6351 | D:7      | HP: 6/59 [wight/+1 flail of freezing (2)]
  6684 | D:7      | Found a runed translucent door.
  6684 | D:7      | Noticed hackum's ghost (novice OpGl)
  6687 | D:7      | Reached skill level 6 in Short Blades
  6741 | D:7      | Noticed Pikel
  6749 | D:7      | Killed Pikel
  6750 | D:7      | Reached skill level 5 in Spellcasting
  6811 | D:7      | Noticed Dowan
  6811 | D:7      | Noticed Duvessa
  6819 | D:7      | Killed Duvessa
  6824 | D:7      | Killed Dowan
  7213 | D:8      | You add the spells Haunt, Borgnjor's Revivification and
                  | Death's Door to your library.
  7219 | D:8      | Reached skill level 4 in Ice Magic
  7398 | D:8      | Reached skill level 5 in Fighting
  7677 | D:8      | Noticed a two-headed ogre
  7682 | D:8      | Killed a two-headed ogre
  7683 | D:8      | Reached XP level 10. HP: 39/74 MP: 14/17
  7735 | D:8      | Reached skill level 8 in Stealth
  8143 | D:8      | Found an ornate altar of the Wu Jian Council.
  8223 | D:9      | HP: 16/74 [yak (10)]
  8225 | D:9      | Reached skill level 6 in Hexes
  8426 | D:8      | Reached skill level 7 in Short Blades
  8504 | D:9      | Reached skill level 2 in Dodging
  8766 | D:9      | HP: 15/74 [something (8)]
  8766 | D:9      | HP: 6/74 [something (9)]
  8767 | D:9      | Slain by a vampire

Vanquished Creatures
  A two-headed ogre (D:8)
  Pikel (D:7)
  Maurice (D:7)
  Maggie (D:6)
  6 yaks
  Eustachio (D:6)
  Menkaure (D:6)
  Duvessa (D:7)
  2 orc warriors
  3 ice beasts
  2 ogres
  3 centaurs
  2 phantoms (D:7)
  2 bullfrogs
  3 scorpions
  3 wights (D:7)
  Dowan (D:7)
  4 howler monkeys
  3 jellies
  7 hounds
  6 orc priests
  2 sleepcaps
  3 iguanas
  6 orc wizards
  8 gnolls
  6 adders
  A shadow imp (D:6)
  4 white imps
  4 dart slugs
  30 orcs
  5 endoplasms
  5 giant cockroaches
  6 goblins
  9 hobgoblins
  7 jackals
  4 kobolds
  2 quokkas
  15 ball pythons
  5 bats
  A frilled lizard (D:1)
  6 rats
183 creatures vanquished.

Table legend:
 A = Non-vault XP
 B = Vault XP
 C = Vault XP percentage of total XP
 D = Non-vault monster count
 E = Vault monster count
 F = Vault count percentage of total count
                 A         B        C        D         E       F
            +---------+---------+-------+---------+---------+-------
      Total |    5706 |    2300 |  28.7 |     167 |      16 |   8.7
            +---------+---------+-------+---------+---------+-------
        D:1 |      45 |       0 |   0.0 |      26 |       0 |   0.0
        D:2 |     103 |       2 |   1.9 |      21 |       2 |   8.7
        D:3 |     239 |     119 |  33.2 |      14 |       5 |  26.3
        D:4 |     277 |       0 |   0.0 |      25 |       0 |   0.0
        D:5 |     335 |       3 |   0.9 |      12 |       1 |   7.7
        D:6 |     873 |     746 |  46.1 |      18 |       3 |  14.3
        D:7 |    1023 |    1340 |  56.7 |      22 |       4 |  15.4
        D:8 |    1640 |      90 |   5.2 |      19 |       1 |   5.0
        D:9 |    1171 |       0 |   0.0 |      10 |       0 |   0.0
            +---------+---------+-------+---------+---------+-------

Skill      XL: |  1  2  3  4  5  6  7  8  9 10 |
---------------+-------------------------------+-----
Short Blades   | 1 2 3 4 5 6 7 |  7.2
Stealth        | 3 4 5 6 7 8 |  8.4
Fighting       | 1 2 3 4 5 |  5.5
Spellcasting   | 3 4 5 |  5.5
Ice Magic      | 1 2 3 4 |  4.4
Hexes          | 4 5 6 |  6.2
Dodging        | 2 |  2.2

Action                     |  1- 3 |  4- 6 |  7- 9 | 10-12 || total
---------------------------+-------+-------+-------+-------++-------
  Melee: Dagger            |   114 |    83 |   203 |    48 ||   448
         Punch             |       |     1 |     7 |     1 ||     9
   Cast: Ensorcelled Hiber |     8 |    13 |    23 |     9 ||    53
         Confusing Touch   |       |       |     7 |     1 ||     8
         Dazzling Flash    |       |       |     1 |       ||     1
    Use: Scroll            |     1 |     6 |     8 |       ||    15
         Potion            |       |       |       |     2 ||     2
   Stab: Sleeping          |     6 |    13 |    25 |     4 ||    48
         Paralysed         |     1 |     2 |    15 |     6 ||    24
         Confused          |       |       |     4 |       ||     4
         Distracted        |       |       |     1 |       ||     1
 Armour: Robe              |    55 |    34 |    60 |    32 ||   181
  Dodge: Dodged            |    70 |    49 |    96 |    24 ||   239

Illustrated notes

Table legend:
 A = Kills in this place as a percentage of kills in the entire game.
 B = Kills by you in this place as a percentage of kills by you in the entire game.
 C = Kills by friends in this place as a percentage of kills by friends in the entire game.
 D = Other kills in this place as a percentage of other kills in the entire game.
 E = Experience gained in this place as a percentage of experience gained in the entire game.
 F = Experience gained in this place divided by the number of levels of this place that you have seen.
                   A       B       C       D       E      F
               +-------+-------+-------+-------+-------+----------------------
         Total | 100.0 | 100.0 |   N/A |   N/A | 100.0 | 889.6
       Dungeon | 100.0 | 100.0 |   N/A |   N/A | 100.0 | 889.6
               +-------+-------+-------+-------+-------+----------------------

Table legend: (Time is in decaauts)
 A = Elapsed time spent in this place.
 B = Non-inter-level travel time spent in this place.
 C = Inter-level travel time spent in this place.
 D = Time resting spent in this place.
 E = Time spent auto-exploring this place.
 F = Levels seen in this place.
 G = Mean time per level.
                   A        B        C        D        E       F      G
               +--------+--------+--------+--------+--------+-----+--------+
         Total |   8679 |   8538 |    141 |    545 |   6699 |   9 |  964.3 |
       Dungeon |   8679 |   8538 |    141 |    545 |   6699 |   9 |  964.3 |
               +--------+--------+--------+--------+--------+-----+--------+

Top non-repeatable levels by time:
     D:7: 1347 daAuts
     D:8: 1304 daAuts
     D:6: 1174 daAuts
     D:2: 1116 daAuts
     D:3: 1090 daAuts
     D:4: 894 daAuts
     D:1: 841 daAuts
     D:5: 624 daAuts
     D:9: 285 daAuts
